 Dungeon Crawl Stone Soup version 0.28-a0-8-g6e044cfa68 (webtiles) character file.

Game seed: 9113733355685786875

133 tilp the Scratcher (level 4, 19/19 HPs)
             Began as a Felid Hedge Wizard on July 24, 2021.
             Was an Initiate of Vehumet.
             Quit the game on level 4 of the Dungeon.
             The game lasted 00:10:56 (7848 turns).

tilp the Scratcher (Felid Hedge Wizard)             Turns: 7848, Time: 00:10:56

Health: 19/19      AC:  1    Str:  6    XL:     4   Next: 93%
Magic:  9/9        EV: 18    Int: 17    God:    Vehumet [......]
Gold:   140        SH:  0    Dex: 15    Spells: 4/9 levels left
                                        Lives:  0   Deaths: 1

rFire   . . .      SeeInvis +     - Unarmed
rCold   + . .      Faith    .   (shield unavailable)
rNeg    . . .      Spirit   .   (armour unavailable)
rPois   .          Reflect  .   (helmet unavailable)
rElec   .          Harm     .   (cloak unavailable)
rCorr   .          Rampage  .   (gloves unavailable)
Will    .....                   (boots unavailable)
Stlth   +++.......              i - amulet of the acrobat
HPRegen 0.06/turn               a - ring of protection from cold
MPRegen 0.11/turn               (no ring)

@: quick
A: very small, claws 1, fangs 3, see invisible, speed 1, shaggy fur 1, stealthy
paws, no weapons or thrown items, no armour, multi-lived
a: Renounce Religion


You were on level 4 of the Dungeon.
You worshipped Vehumet.
Vehumet was noncommittal.
You visited 1 branch of the dungeon, and saw 5 of its levels.

You collected 140 gold pieces.

Inventory:

Jewellery
 a - a ring of protection from cold (left paw)
 i - an amulet of the acrobat (around neck)
Wands
 c - a wand of flame (18)
Scrolls
 h - a scroll of fear
Potions
 b - 3 potions of ambrosia
 d - a potion of heal wounds
 e - 3 potions of attraction
 f - a potion of haste {unknown}
 g - 2 potions of flight
 j - 5 potions of brilliance


   Skills:
 - Level 2.0 Fighting
 - Level 4.0 Dodging
 - Level 4.0 Stealth
 - Level 4.0 Unarmed Combat
 - Level 3.0 Spellcasting
 + Level 1.3 Conjurations
 + Level 1.4 Summonings
 - Level 1.5 Translocations


You had 4 spell levels left.
You knew the following spells:

 Your Spells              Type           Power      Damage    Failure   Level
a - Magic Dart            Conj           28%        1d4       10%         1
b - Call Imp              Summ           7%         N/A       14%         2
c - Blink                 Tloc           N/A        N/A       14%         2

Your spell library contained the following spells:

 Spells                   Type           Power      Damage    Failure   Level
 Beastly Appendage        Tmut           4%         N/A       17%         1
 Slow                     Hex            2%         N/A       26%         2
 Wereblood                Tmut           2%         N/A       26%         2
 Call Canine Familiar     Summ           7%         N/A       28%         3
 Summon Guardian Golem    Hex/Summ       5%         N/A       36%         3
 Conjure Flame            Conj/Fire      4%         6-21      38%         3
 Mephitic Cloud           Conj/Pois/Air  4%         N/A       41%         3
 Spider Form              Tmut/Pois      1%         N/A       45%         3
 Leda's Liquefaction      Hex/Erth       1%         N/A       86%         4
 Orb of Destruction       Conj           3%         9d1       100%        7
 Spellforged Servitor     Conj/Summ      3%         N/A       100%        7
 Portal Projectile        Hex/Tloc       Unusable   N/A       N/A         3

Dungeon Overview and Level Annotations

Branches:
Dungeon (5/15)
 Temple: D:4-7

Altars:
Cheibriados
Qazlal
Vehumet

Shops:
D:4 :[

Annotations:
D:3 exclusion: ogre


Innate Abilities, Weirdness & Mutations

You have sharp claws.
You have razor-sharp teeth.
You have supernaturally acute eyesight. (SInv)
You cover ground quickly. (Speed+)
You are covered in fur. (AC +1)
Your paws help you pounce on unaware monsters.
You are incapable of wielding weapons or throwing items.
You cannot wear armour.
You gain extra lives every three experience levels.


Message History

Confirm with . or Enter, or press ? or * to list all spells.
A beastly little devil appears in a puff of flame.
The centaur misses you. The centaur kicks you.
The jelly hits you but does no damage.
Unknown command.
You swap places.
The centaur completely misses you. The centaur kicks you.
Unknown command.
Your crimson imp hits the jelly.
Your crimson imp is burned by acid!
The centaur hits your crimson imp but does no damage.
The centaur barely misses your crimson imp.
The jelly hits your crimson imp.
Your crimson imp is splashed with acid.
The acid corrodes your crimson imp!
Unknown command.
Casting: Call Imp (safe; 14% risk of failure)
Confirm with . or Enter, or press ? or * to list all spells.
A beastly little devil appears in a puff of flame.
The centaur wields a +0 shortbow.
The centaur shoots an arrow.
The arrow misses your crimson imp. The arrow hits you!
* * * LOW HITPOINT WARNING * * *
Your crimson imp hits the jelly.
Your crimson imp is burned by acid!
Your crimson imp barely misses the centaur.
The jelly closely misses your crimson imp.
You swap places.
The centaur shoots an arrow.
The arrow hits your crimson imp!
Your crimson imp dies!
Your crimson imp hits the jelly.
Your crimson imp is burned by acid!
Your crimson imp hits the centaur but does no damage.
Your crimson imp closely misses the centaur.
The centaur shoots an arrow.
The arrow misses your crimson imp. The arrow hits you!
You die...
You are now level 4!
You rejoin the land of the living...
You see here 16 arrows.
Unknown command.
Unknown command.
Unknown command.
Are you sure you want to abandon this character and quit the game? (Confirm with "yes".)

..8.### ##...#....#.......##....
......# #......#..#.....######..
<.).8.######....#..#.........##..
[.......##.##.#..................
..∩...8.......#........[.....#...
...........#.#..............##...
8...>......####.............##...
##.........##.#..................
##8.......###...@...........<...#
#.....#..###.......(...........##
#....##...###.....).##........##.
.....#......#.......###.......#..
#........##..........##.......+..
....................##........+..
##.#...#......................#..
#####..(......#......##......##.
##........#......##.......##


There were no monsters in sight!

Vanquished Creatures
  A scorpion (D:4)
  3 gnolls (D:2)
  A howler monkey skeleton (D:4)
  2 adders
  A worm (D:3)
  A dart slug (D:4)
  9 bats
  8 endoplasms
  A giant cockroach (D:2)
  4 goblins
  7 hobgoblins
  6 kobolds
  4 quokkas
  8 ball pythons
  3 frilled lizards
  3 rats
62 creatures vanquished.

Vanquished Creatures (collateral kills)
  A scorpion (D:4)
  Jessica (D:3)
  A hound skeleton (D:4)
  8 adders
  A gnoll (D:2)
  3 worms
  2 endoplasms (D:2)
  A giant cockroach (D:3)
  2 goblins (D:2)
  4 jackals (D:3)
  A ball python (D:2)
  2 frilled lizards (D:2)
  A kobold (D:3)
28 creatures vanquished.

Grand Total: 90 creatures vanquished

Notes
Turn   | Place    | Note
-------+----------+-------------------------------------------
     0 | D:1      | tilp the Felid Hedge Wizard began the quest for the Orb.
     0 | D:1      | Reached XP level 1. HP: 7/7 MP: 5/5
   326 | D:1      | Reached skill level 1 in Unarmed Combat
   535 | D:1      | Reached XP level 2. HP: 7/12 MP: 2/7
   760 | D:1      | Learned a level 2 spell: Call Imp
   763 | D:1      | Learned a level 2 spell: Blink
   868 | D:1      | Reached skill level 1 in Fighting
  1604 | D:2      | Reached XP level 3. HP: 13/15 MP: 4/8
  1934 | D:2      | Found a faded altar of an unknown god.
  3413 | D:2      | Reached XP level 4. HP: 19/19 MP: 1/9
  4930 | D:3      | Found a radiant altar of Vehumet.
  5096 | D:3      | Became a worshipper of Vehumet
  5105 | D:3      | Noticed Jessica
  5114 | D:3      | Killed Jessica
  5115 | D:3      | Reached XP level 5. HP: 22/22 MP: 2/10
  5220 | D:3      | Found a snail-covered altar of Cheibriados.
  5220 | D:3      | Found a stormy altar of Qazlal.
  5935 | D:3      | Noticed an ogre
  6292 | D:4      | Found Ymuute's Book Shop.
  6566 | D:4      | Identified the +1 rapier "Zuin Wit" {flame, rN+ Int-4
                  | Dex+3}
  6843 | D:4      | Reached skill level 1 in Conjurations
  7169 | D:4      | Found Oghichur's Armour Boutique.
  7241 | D:5      | Entered Level 5 of the Dungeon
  7241 | D:5      | Noticed a black bear
  7249 | D:5      | Noticed a centaur
  7847 | D:4      | Shot with an arrow by a centaur
  7848 | D:4      | Reached XP level 4. HP: -3/19 MP: 4/9
  7848 | D:4      | Quit the game

Illustrated notes

Levels and vault maps discovered:
D:1:      minmay_arrival_loop, layout_basic
D:2:      minmay_razor_zed, layout_loops_ring, shapermc_ecumenical_altar_venn
D:3:      layout_loops_ring, gammafunk_temple_overflow_statue,
          vehumet_altar_wand_db, uniq_jessica
D:4:      layout_cave_pools, serial_shops, shop_statue, nicolae_stop_n_shop_1,
          minmay_fountain_box, minmay_misc_feat_roman, kennysheep_generic_room_3
D:5:      layout_rooms, temple_hall

Skill      XL: |  1  2  3  4  5 |
---------------+----------------+-----
Unarmed Combat | 1 2 3 4 |  4.0
Fighting       | 1 2 |  2.0
Stealth        | 4 |  4.0
Dodging        | 4 |  4.0
Conjurations   | 1 |  1.3
Spellcasting   | |  3.0
Summonings     | |  1.4
Translocations | |  1.5

Action                   |  1- 3 |  4- 6 || total
-------------------------+-------+-------++-------
Melee: Unarmed           |    63 |    67 ||   130
       Bite              |     4 |     5 ||     9
 Cast: Magic Dart        |    48 |    15 ||    63
       Call Imp          |    25 |    51 ||    76
       Blink             |     1 |       ||     1
  Use: Scroll            |     1 |     9 ||    10
       Potion            |     1 |       ||     1
 Stab: Sleeping          |     4 |     4 ||     8
       Distracted        |       |     1 ||     1
Armor: Skin              |     1 |     7 ||     8
Dodge: Dodged            |    45 |    68 ||   113

Table legend: (Time is in decaauts)
 A = Elapsed time spent in this place.
 B = Non-inter-level travel time spent in this place.
 C = Inter-level travel time spent in this place.
 D = Time resting spent in this place.
 E = Time spent auto-exploring this place.
 F = Levels seen in this place.
 G = Mean time per level.
                   A        B        C        D        E       F      G
               +--------+--------+--------+--------+--------+-----+--------+
         Total |   7201 |   6989 |    212 |   3450 |   2697 |   5 | 1440.2 |
       Dungeon |   7201 |   6989 |    212 |   3450 |   2697 |   5 | 1440.2 |
               +--------+--------+--------+--------+--------+-----+--------+

Top non-repeatable levels by time:
     D:2: 3083 daAuts
     D:1: 1418 daAuts
     D:4: 1359 daAuts
     D:3: 1252 daAuts
     D:5: 88 daAuts
